[Event "Open Nuevo Centro. Jornada 2"]
[Site "Chess.com"]
[Date "2020.06.26"]
[Round "2"]
[White "Campos Gambuti, Luis María"]
[Black "Hassomal Daswani, Birjkumar"]
[Result "1-0"]
[WhiteElo "2415"]
[BlackElo "1846"]
[TimeControl "180+2"]
[EndTime "10:51:06 PDT"]
[Termination "Victoria de Tangalangafacv por abandono"]

1. d4 Nf6 2. Nc3 g6 3. e4 d6 4. Bg5 Bg7 5. e5 Nfd7 6. f4 O-O 7. Bh4 c5 8. exd6 Nf6 9. dxc5 exd6 10. Qxd6 Re8+ 11. Be2 Nbd7 12. O-O-O Bf8 13. Qd4 Bxc5 14.
Qxc5 Nxc5 15. Rxd8 Rxd8 16. Bxf6 Re8 17. Nf3 Bg4 18.
Bb5 Rec8 19. Re1 a6 20. Ba4 Bf5 21. Bb3 Nxb3+ 22. axb3 b5 23. Nd4 Bd7 24. Nd5 Re8 25. Re7 Be6 26. Nc7 Rxe7 27. Bxe7 Rc8 28. Ncxe6 fxe6 29. Bf6 Kf7 30. Be5 h6 31. Kd2 Rd8 32. g3 Rd7 33. h4 Rb7 34. Kd3 a5 35. c3 Rb6 36.
Nc2 Ke7 37. c4 b4 38. Nd4 Rb7 39. c5 a4 40. bxa4 Kd8 41. b3 Rd7 42. Kc4 Ke7 43.
Nxe6 Kxe6 44. c6 Rd8 45. c7 Rf8 46. Kxb4 Kd7 47. Kc4 g5 48. hxg5 hxg5 49. fxg5 Rf5 50. Bf4 Kc8 51. b4 Kb7 52. a5 Rf8 53. g6 Rg8 54. b5 Rxg6 55. a6+ Kc8 56. Kc5 1

[Event "Open Nuevo Centro. Jornada 2"]
[Site "Chess.com"]
[Date "2020.06.26"]
[Round "2"]
[White "García Oviedo, Alejandro"]
[Black "Chernikov, Vladimir"]
[Result "1-0"]
[WhiteElo "1851"]
[BlackElo "2288"]
[TimeControl "180+2"]
[EndTime "10:51:58 PDT"]
[Termination "Victoria de alexgarov por tiempo"]

1. e4 c5 2. Nf3 Nc6 3. g3 e5 4. Bg2 g6 5. d3 Bg7 6. O-O Nge7 7. Nc3 O-O 8. Nd2 d6 9. f4 exf4 10. gxf4 f5 11. Nf3 h6 12. Kh1 Nd4 13. Nxd4 Bxd4 14.
Ne2 Bg7 15. c3 d5 16. e5 Be6 17. Rg1 Kh7 18. Qe1 d4 19. c4 b5 20. b3 bxc4 21.
bxc4 Rb8 22. Qg3 Qe8 23. Ba3 Rc8 24. Rab1 Qa4 25. Rb3 Bd7 26. Bf3 Bc6 27. h4 Bxf3+ 28. Qxf3 Qa5 29. Qg2 Qd2 30. Rb7 Rf7 31. e6 Rf6 32.
Rxe7 Qxa2 33. Rxa7 Qc2 34. h5 Rxe6 35. hxg6+ Kh8 36.
Bxc5 Rxe2 37. Qh3 Rce8 38. Bxd4 Rh2+ 39. Qxh2 Qxh2+ 40. Kxh2 Bxd4 41. g7+ Kg8 42. Rg6 Bxa7 43. Rxh6 Re2+ 44. Kg3 Kxg7 45. Ra6 Re3+ 46. Kf2 Bd4 47. Kf1 Rxd3 48. Ra5 Rf3+ 49. Ke2 Rxf4 50. Kd3 Bf6 51. Ke3 1

[Event "Open Nuevo Centro. Jornada 2"]
[Site "Chess.com"]
[Date "2020.06.26"]
[Round "2"]
[White "Remolar Gallen, Jose"]
[Black "Gracia Calvo, Andrés"]
[Result "1-0"]
[WhiteElo "2354"]
[BlackElo "1821"]
[TimeControl "180+2"]
[EndTime "10:51:59 PDT"]
[Termination "Victoria de ChessMonguer por jaque mate"]

1. d4 d5 2. c4 c6 3. Nf3 e6 4.
Nc3 f5 5. Bg5 Nf6 6. e3 Be7 7.
Be2 O-O 8. Qc2 Ne4 9. Bxe7 Qxe7 10. O-O b6 11. Rab1 Bb7 12. b4 Nd7 13. a4 Rac8 14.
c5 e5 15. Rfd1 Nxc3 16. Qxc3 e4 17. Ne5 Nxe5 18. dxe5 f4 19. Qd4 Qg5 20. Bf1 fxe3 21. fxe3 Qf5 22. cxb6 Qf2+ 23. Kh1 axb6 24. Qxb6 Rb8 25. a5 Bc8 26. Qxb8 Bh3 27. Qxf8+ Qxf8 28. gxh3 Qf3+ 29. Bg2 Qxe3 30. a6 Qb6 31. Ra1 Qa7 32. b5 cxb5 33. Rxd5 e3 34. Rd8+ Kf7 35. Bd5+ Kg6 36.
Rd6+ Kf5 37. e6 e2 38. e7 Qxe7 39. Re6 Qd7 40. Bb3 Qa7 41. Rxe2 g5 42. Bc2+ Kf6 43. Rf1+ Kg7 44. Rfe1 Qxa6 45. Re7+ Kf8 46. Re8+ Kf7 47.
R1e7+ Kf6 48. Re2 Qc6+ 49. Kg1 Qc5+ 50. R8e3 b4 51. Kf1 Qd4 52. Rf3+ Kg7 53. Re7+ Kh6 54.
Rxh7# 1

[Event "Open Nuevo Centro. Jornada 2"]
[Site "Chess.com"]
[Date "2020.06.26"]
[Round "2"]
[White "Gil López, Alejandro"]
[Black "Bosch Jordà, Ricard"]
[Result "1-0"]
[WhiteElo "2098"]
[BlackElo "1763"]
[TimeControl "180+2"]
[EndTime "10:52:06 PDT"]
[Termination "Victoria de AglVal0313 por abandono"]

1. e4 c5 2. Nf3 Nc6 3. c3 Nf6 4. Qc2 d6 5. Bc4 g6 6. d4 cxd4 7. cxd4 Bg7 8. d5 Nb8 9. O-O O-O 10. Bg5 Nbd7 11. Nbd2 Ng4 12. h3 Nge5 13. Nxe5 Nxe5 14. f4 Nxc4 15. Nxc4 Bd7 16. Rae1 b5 17. Ne3 Qb6 18. Kh1 Rfe8 19. f5 Rac8 20. Qb3 Qd4 21. Ng4 Qxb2 22. Qxb2 Bxb2 23. fxg6 fxg6 24.
Nh6+ Kh8 25. Rf7 Bg7 26. Ref1 b4 27. Rxg7 Kxg7 28. Rf7+ Kh8 29. Bxe7 Rxe7 30. Rxe7 Bb5 31. Rxa7 Rc1+ 32. Kh2 Rc2 33. Nf7+ Kg8 34. Nxd6 Bf1 35.
Kg3 Rxg2+ 36. Kf4 Rf2+ 37. Ke5 Bxh3 38. Nc4 Bg4 39. d6 h5 40. Ne3 Rf8 41. Rb7 Re8+ 42. Kd4 Bc8 43. Rxb4 h4 44. Rb2 h3 45. Rh2 Bb7 46. e5 Bg2 47. Nd5 g5 48. Nf6+ Kf7 49.
Nxe8 Kxe8 50. Ke3 g4 51. Kf2 Bf3 52. Kg3 Kd7 53. Rxh3 Bd5 54. Kxg4 Be6+ 55. Kg3 Bxh3 56. Kxh3 Ke6 57. Kg4 Kxe5 1

[Event "Open Nuevo Centro. Jornada 2"]
[Site "Chess.com"]
[Date "2020.06.26"]
[Round "2"]
[White "Roca Cruz, Rafael"]
[Black "Aymerich Rosell, Pablo"]
[Result "1-0"]
[WhiteElo "1730"]
[BlackElo "1982"]
[TimeControl "180+2"]
[EndTime "10:52:33 PDT"]
[Termination "Victoria de RafaRocaCruz por jaque mate"]

1. d4 Nf6 2. c4 g6 3. Nc3 Bg7 4.
e4 d6 5. Bg5 O-O 6. Qd2 c5 7.
d5 e6 8. Bd3 exd5 9. exd5 Re8+ 10. Nge2 Bg4 11. f3 Bd7 12. O-O Na6 13. Rae1 Nc7 14.
Ne4 Nxe4 15. fxe4 Qc8 16. Qf4 Rf8 17. Qxd6 Ne8 18. Qg3 f6 19. Bd2 b5 20. cxb5 c4 21. Rc1 Qc5+ 22. Be3 Qb4 23. Bxc4 Qxb2 24. Bd4 Qb4 25.
Qc3 Qe7 26. d6+ Qe6 27. Bxe6+ Bxe6 28. Nf4 Bxa2 29. Nd5 Nxd6 30. Bxf6 Bxf6 31. Nxf6+ Rxf6 32. Qxf6 Nxe4 33. Qf7+ Bxf7 34. Rc7 Bd5 35. Rd1 Rd8 36. Rxa7 Nc3 37. Rd2 Rb8 38. Rc7 Rxb5 39. Rxc3 Rb1+ 40. Kf2 Be6 41. Rc7 Rb8 42. Re2 Bf5 43. Ree7 h5 44. Rg7+ Kh8 45. Rh7+ Kg8 46. Rcg7+ Kf8 47. Rh8+ Kxg7 48.
Rxb8 Kf6 49. h4 Ke6 50. Ke3 Ke5 51. Rb6 Bc2 52. g3 Bf5 53. Rb5+ Kf6 54. Kf4 Bc2 55. Rc5 Bb1 56. Rc6+ Kf7 57. Kg5 Kg7 58. Rb6 Bc2 59.
Rb7+ Kf8 60. Kf6 Ke8 61. Rg7 Kf8 62. Rxg6 Bxg6 63. Kxg6 Kg8 64. Kxh5 Kg7 65. Kg5 Kh7 66. Kf6 Kh6 67. g4 Kh7 68. Kf7 Kh6 69. g5+ Kh7 70.
g6+ Kh8 71. g7+ Kh7 72. g8=Q+ Kh6 73. Qg6# 1

[Event "Open Nuevo Centro. Jornada 2"]
[Site "Chess.com"]
[Date "2020.06.26"]
[Round "3"]
[White "Alvarez Usina, Joan"]
[Black "Camison Zornoza, Cesar"]
[Result "0-1"]
[WhiteElo "868"]
[BlackElo "1731"]
[TimeControl "180+2"]
[EndTime "10:54:37 PDT"]
[Termination "Victoria de cczchess por jaque mate"]

1. d4 Nf6 2. Bf4 c5 3. e4 cxd4 4. f3 d6 5. Qxd4 Nc6 6. Qa4 Bd7 7. c3 g6 8. Nh3 Bg7 9. Ng5 O-O 10. Nxh7 Kxh7 11.
Bxd6 exd6 12. Qxc6 Bxc6 13. Ba6 bxa6 14. Na3 Bxe4 15.
Nb5 Qe7 16. Rb1 Bd3+ 17. Kf2 Qe2+ 18. Kg3 Nh5+ 19. Kh4 Bf6+ 20. Kg4 Qxg2# 0

[Event "Open Nuevo Centro. Jornada 2"]
[Site "Chess.com"]
[Date "2020.06.26"]
[Round "3"]
[White "Mora Bort, Miguel Ángel"]
[Black "Gerona Maura, Jesus"]
[Result "0-1"]
[WhiteElo "1152"]
[BlackElo "1755"]
[TimeControl "180+2"]
[EndTime "10:55:00 PDT"]
[Termination "Victoria de Retistente por abandono"]

1. d4 d5 2. c4 e5 3. dxe5 d4 4. Nf3 Nc6 5. Bg5 Be7 6. Bxe7 Ngxe7 7. e3 dxe3 8. Qxd8+ Nxd8 9. fxe3 Nf5 10. e4 Ne3 11. Nbd2 Nc2+ 12. Ke2 Nxa1 0

[Event "Open Nuevo Centro. Jornada 2"]
[Site "Chess.com"]
[Date "2020.06.26"]
[Round "3"]
[White "Más Ripoll, Vicente"]
[Black "Vicent Lázaro, Elena"]
[Result "1-0"]
[WhiteElo "1007"]
[BlackElo "650"]
[TimeControl "180+2"]
[EndTime "10:55:11 PDT"]
[Termination "Victoria de menut por abandono"]

1. e4 e6 2. d4 c5 3. d5 Na6 4. dxe6 fxe6 5. Bxa6 bxa6 6. Nf3 Bd6 7. Qxd6 Rb8 8. Qxb8 Qf6 9. Qxc8+ Kf7 10. e5 Qg6 11. Qxd7+ 1

[Event "Open Nuevo Centro. Jornada 2"]
[Site "Chess.com"]
[Date "2020.06.26"]
[Round "3"]
[White "Torres Biosca, Roberto"]
[Black "Sanchis Bon, Sergi"]
[Result "0-1"]
[WhiteElo "634"]
[BlackElo "1022"]
[TimeControl "180+2"]
[EndTime "10:55:57 PDT"]
[Termination "Victoria de Sergi_2011 por jaque mate"]

1. e4 e5 2. Bc4 Qf6 3. Nh3 d6 4. Bb5+ c6 5. Bc4 Bxh3 6. gxh3 d5 7. exd5 cxd5 8. Bb5+ Nd7 9. Qf3 Qxf3 10. Be2 Qf6 11. Nc3 Bc5 12. Nxd5 Qxf2+ 13. Kd1 Qg2 14. Nc7+ Kf8 15.
Nxa8 Qxh1+ 16. Bf1 Qxf1# 0

[Event "Open Nuevo Centro. Jornada 2"]
[Site "Chess.com"]
[Date "2020.06.26"]
[Round "3"]
[White "Bosch Jordà, Ricard"]
[Black "Conejero Martínez, Víctor"]
[Result "1-0"]
[WhiteElo "1765"]
[BlackElo "1195"]
[TimeControl "180+2"]
[EndTime "10:56:31 PDT"]
[Termination "Victoria de UltimateLimo por jaque mate"]

1. e4 c5 2. Nf3 Nc6 3. d4 cxd4 4. Nxd4 e5 5. Nb5 a6 6. N5a3 Nf6 7. Nc3 b5 8. Nd5 d6 9. Bg5 Be7 10. Bxf6 Bxf6 11. c3 Ne7 12. Nxf6+ gxf6 13. Nc2 f5 14. g3 fxe4 15. Bg2 d5 16. Ne3 Bb7 17. Qh5 d4 18.
cxd4 exd4 19. Nf5 Qa5+ 20. Kf1 d3 21. Nd6+ Kf8 22. Qxf7# 1

[Event "Open Nuevo Centro. Jornada 2"]
[Site "Chess.com"]
[Date "2020.06.26"]
[Round "3"]
[White "Ahullana Martí, Blai"]
[Black "Zakharash, Georgii"]
[Result "0-1"]
[WhiteElo "695"]
[BlackElo "1061"]
[TimeControl "180+2"]
[EndTime "10:56:38 PDT"]
[Termination "Victoria de georgiizakharash por abandono"]

1. d4 d5 2. c4 dxc4 3. Nc3 a6 4. a3 b5 5. a4 c6 6. axb5 cxb5 7. Nxb5 Bb7 8. Bf4 axb5 9. Rxa8 Bxa8 10. Bxb8 Qxb8 11. e4 Bxe4 12. b3 c3 13. Ne2 b4 14. Nf4 Qxf4 15. Bb5+ Kd8 16. O-O Qg5 17. g3 Qxb5 18. Re1 Nf6 19. f3 Bg6 0

[Event "Open Nuevo Centro. Jornada 2"]
[Site "Chess.com"]
[Date "2020.06.26"]
[Round "3"]
[White "Chernikov, Vladimir"]
[Black "Pallardo Lozoya, Jose Vicente"]
[Result "0-1"]
[WhiteElo "2274"]
[BlackElo "2307"]
[TimeControl "180+2"]
[EndTime "10:56:41 PDT"]
[Termination "Victoria de PallardoChess por abandono"]

1. b3 e5 2. Bb2 Nc6 3. c4 d6 4. Nc3 g6 5. Nf3 Bg7 6. e3 Nge7 7. d4 exd4 8. Nxd4 Nxd4 9. exd4 O-O 10.
Be2 Nf5 11. d5 Nd4 12. O-O Nxe2+ 13. Qxe2 Bf5 14. Rfe1 Qg5 15. Ne4 Bxe4 0

[Event "Open Nuevo Centro. Jornada 2"]
[Site "Chess.com"]
[Date "2020.06.26"]
[Round "3"]
[White "Donate Moreno, Silvia"]
[Black "Denis Cazacu, Ioan"]
[Result "1-0"]
[WhiteElo "1781"]
[BlackElo "1397"]
[TimeControl "180+2"]
[EndTime "10:56:48 PDT"]
[Termination "Victoria de 2camarones por abandono"]

1. e4 c5 2. Nf3 Nc6 3. d4 cxd4 4. Nxd4 g6 5. c4 Bg7 6. Be3 Nf6 7. Nc3 O-O 8. Be2 d6 9. O-O a6 10. Qd2 Qc7 11.
h3 Ne5 12. Rac1 Nxc4 13. Bxc4 Qxc4 14. Nd5 Qxa2 15. Ra1 Qc4 16. Rfc1 Nxe4 17. Rxc4 Nxd2 18. Bxd2 b5 19. Nxe7+ Kh8 20. Nxb5 Be6 21. Rca4 Bxb2 22. Bc3+ Bxc3 23. Nxc3 Bb3 24. Rxa6 Rxa6 25. Rxa6 Re8 26. Ned5 Re1+ 27. Kh2 Bc4 28. Rxd6 Rf1 29. Kg3 Bd3 30. Ne3 1

[Event "Open Nuevo Centro. Jornada 2"]
[Site "Chess.com"]
[Date "2020.06.26"]
[Round "3"]
[White "Rabbani Perez, Oumaima "]
[Black "Hernández Tomás, Efrén"]
[Result "0-1"]
[WhiteElo "724"]
[BlackElo "1040"]
[TimeControl "180+2"]
[EndTime "10:57:20 PDT"]
[Termination "Victoria de EfrenHT10 por jaque mate"]

1. e3 e5 2. Bd3 Nf6 3. Nf3 e4 4. Ne5 exd3 5. cxd3 d6 6. Qa4+ Bd7 7. Nxd7 Qxd7 8.
Qxd7+ Nbxd7 9. Nc3 Nc5 10. Nb5 Nxd3+ 11. Ke2 Nxc1+ 12. Kd1 O-O-O 13. Nxa7+ Kb8 14. Nb5 Nd3 15. Nd4 Nxf2+ 16. Ke2 Nxh1 17. Rc1 c5 18. Rxh1 cxd4 19. exd4 Re8+ 20. Kd3 d5 21. Rc1 Bb4 22. Rd1 Ng4 23. h3 Nf2+ 24. Kc2 Nxd1 25. a3 Bxa3 26. bxa3 Nf2 27.
Kc1 Rc8+ 28. Kb1 Rc4 29. d3 Nxd3 30. a4 Rxa4 31. g4 Rc8 32. g5 Rc1# 0

[Event "Open Nuevo Centro. Jornada 2"]
[Site "Chess.com"]
[Date "2020.06.26"]
[Round "3"]
[White "Martinez Hernandez, Paula"]
[Black "Clement Gómez, José Antonio"]
[Result "0-1"]
[WhiteElo "2039"]
[BlackElo "2484"]
[TimeControl "180+2"]
[EndTime "10:57:40 PDT"]
[Termination "Victoria de P4AD por abandono"]

1. e4 c5 2. Nc3 Nc6 3. g3 g6 4. Bg2 Bg7 5. Nge2 Rb8 6. d3 b5 7.
Be3 b4 8. Na4 d6 9. c3 bxc3 10.
bxc3 e5 11. O-O Nge7 12. c4 O-O 13. Nac3 Be6 14. Nd5 Qd7 15. Qd2 f5 16. Bh6 Nd4 17. Nec3 fxe4 18. Rab1 Nf3+ 19. Bxf3 exf3 20. Rxb8 Rxb8 21.
Qg5 Bxd5 22. Nxd5 Nxd5 23. cxd5 Qh3 0

[Event "Open Nuevo Centro. Jornada 2"]
[Site "Chess.com"]
[Date "2020.06.26"]
[Round "3"]
[White "Birnoveanu, Petru"]
[Black "SIMARRO PEIRÓ, ANDRÉS"]
[Result "1-0"]
[WhiteElo "1695"]
[BlackElo "1084"]
[TimeControl "180+2"]
[EndTime "10:57:40 PDT"]
[Termination "Victoria de piculet por jaque mate"]

1. e4 e5 2. Bc4 Nf6 3. Nf3 Bc5 4. O-O Nc6 5. d4 exd4 6. e5 Ng4 7. h3 Ngxe5 8. Nxe5 Nxe5 9. Re1 d6 10. f4 d3+ 11.
Kh1 dxc2 12. Qxc2 O-O 13. fxe5 dxe5 14. Be3 Bb4 15. Nc3 Be6 16. Bxe6 fxe6 17. Qb3 Qd6 18. Ne4 Qb6 19. Bxb6 Bxe1 20. Rxe1 axb6 21. Qxe6+ Rf7 22. Ng5 Rf8 23. Nxf7 Rxf7 24. Rf1 g5 25. Rxf7 Kh8 26.
Qe8# 1

[Event "Open Nuevo Centro. Jornada 2"]
[Site "Chess.com"]
[Date "2020.06.26"]
[Round "3"]
[White "Gómez Alonso, Óscar"]
[Black "Saiz Sapena, Veronica"]
[Result "1-0"]
[WhiteElo "1861"]
[BlackElo "1552"]
[TimeControl "180+2"]
[EndTime "10:57:42 PDT"]
[Termination "Victoria de osgo78 por abandono"]

1. d4 d5 2. c4 c6 3. cxd5 cxd5 4.
Nc3 Nf6 5. Nf3 Nc6 6. Bf4 a6 7. e3 e6 8. Bd3 Ba3 9. bxa3 O-O 10. O-O b5 11. Rc1 Na5 12. Ne5 Bb7 13. Ne2 Nc4 14. Bxc4 bxc4 15. Nc3 Nd7 16. Nxd7 Qxd7 17. Rb1 Bc6 18.
a4 f6 19. Qc2 g5 20. Bg3 Rf7 21. e4 h5 22. h4 g4 23. exd5 exd5 24. Qg6+ Rg7 25.
Qxh5 Bxa4 26. Nxa4 Qxa4 27. Qxd5+ 1

[Event "Open Nuevo Centro. Jornada 2"]
[Site "Chess.com"]
[Date "2020.06.26"]
[Round "3"]
[White "Martínez Albelda, Mariela"]
[Black "Martínez Cuenca, Adrián "]
[Result "1-0"]
[WhiteElo "1007"]
[BlackElo "589"]
[TimeControl "180+2"]
[EndTime "10:57:44 PDT"]
[Termination "Victoria de laranita303 por jaque mate"]

1. d4 d5 2. c4 dxc4 3. e3 f6 4. Bxc4 e5 5. Nc3 exd4 6. Qxd4 Qxd4 7. exd4 Ne7 8. Nb5 c6 9. Nc7+ Kd8 10. Nxa8 Ng6 11.
f4 Bb4+ 12. Kd1 Bg4+ 13. Nf3 Bh5 14. f5 Ne7 15. Bf4 Nxf5 16. Nc7 Nd6 17. Ne6+ Ke7 18. Nxg7 Kf8 19. Nxh5 Rg8 20. Bxd6+ Ke8 21. Nxf6+ Kd8 22. Nxg8 h5 23. Bxb8 Kc8 24. Be5 b5 25. Be6+ Kd8 26. Bf6+ Ke8 27. Rc1 Kf8 28. Rxc6 Ke8 29. Rc8# 1

[Event "Open Nuevo Centro. Jornada 2"]
[Site "Chess.com"]
[Date "2020.06.26"]
[Round "3"]
[White "Salvador Buiza, Victor"]
[Black "Méndez Giménez , Néstor Emmanuel"]
[Result "1-0"]
[WhiteElo "1743"]
[BlackElo "1099"]
[TimeControl "180+2"]
[EndTime "10:58:25 PDT"]
[Termination "Victoria de TERROROSCURO666 por jaque mate"]

1. e4 e6 2. d4 c5 3. c3 Nc6 4.
Nf3 Qb6 5. Be2 cxd4 6. cxd4 Nf6 7.
Nc3 Bb4 8. e5 Ne4 9. Bd2 Nxd4 10.
Nxe4 Nxf3+ 11. Bxf3 Bxd2+ 12. Qxd2 d5 13. exd6 O-O 14.
O-O Bd7 15. Qg5 Qxb2 16. Rab1 Qd4 17. Rfd1 Qa4 18. Nc5 Qc6 19. Bxc6 Bxc6 20. Nxb7 Rab8 21. Nc5 Rxb1 22. Rxb1 f6 23. Qe3 g5 24. Qxe6+ Kh8 25. Qe7 Re8 26. Qxf6+ Kg8 27. Ne6 Rxe6 28. Qxe6+ Kg7 29.
Qe7+ Kg8 30. Rb8+ Be8 31. Rxe8# 1

[Event "Open Nuevo Centro. Jornada 2"]
[Site "Chess.com"]
[Date "2020.06.26"]
[Round "3"]
[White "Casado Andreu, David"]
[Black "Morata Briones, Carlos"]
[Result "1-0"]
[WhiteElo "1642"]
[BlackElo "853"]
[TimeControl "180+2"]
[EndTime "10:58:27 PDT"]
[Termination "Victoria de dave6635 por jaque mate"]

1. e4 e5 2. Nf3 Nc6 3. Bc4 Nf6 4. Ng5 Qe7 5. Bxf7+ Kd8 6. Bb3 Ke8 7. O-O Nh5 8.
Qxh5+ g6 9. Qg4 d6 10. Qg3 Bh6 11. Nf3 Nd4 12. Nxd4 exd4 13. d3 Qe5 14. Bxh6 Qh5 15.
Bg7 Rf8 16. Bxf8 Kxf8 17. Qf4+ Kg7 18. Nd2 Bd7 19. Nf3 Rf8 20. Qg3 Bg4 21. e5 Bxf3 22. gxf3 Rxf3 23. Qg2 dxe5 24. Rae1 Rh3 25. Rxe5 Qh6 26.
Re7+ Kf8 27. Rf7+ Ke8 28. Qe4+ Kd8 29. Qe7+ Kc8 30. Qxc7# 1

[Event "Open Nuevo Centro. Jornada 2"]
[Site "Chess.com"]
[Date "2020.06.26"]
[Round "3"]
[White "Ferrando Lacruz, Nicolás "]
[Black "Rojo Everss, Noel"]
[Result "1-0"]
[WhiteElo "1211"]
[BlackElo "726"]
[TimeControl "180+2"]
[EndTime "10:58:33 PDT"]
[Termination "Victoria de Nicolasvlc por jaque mate"]

1. d4 e5 2. Nf3 Bb4+ 3. Nc3 Nf6 4. e3 d6 5. Bb5+ Nc6 6. Bd2 Bg4 7.
Qc1 Bf5 8. e4 Bxe4 9. Nxe4 Nxe4 10. Bxb4 O-O 11. Bxc6 Nf6 12. Bxb7 Rb8 13. Bxd6 Qxd6 14.
Be4 Nxe4 15. Qe3 Nd2 16. Nxd2 Qe6 17. Nf3 Rxb2 18. Ng5 Qh6 19. h4 Rxc2 20. Qe4 Qxg5 21. hxg5 Rxf2 22. Qxh7# 1

[Event "Open Nuevo Centro. Jornada 2"]
[Site "Chess.com"]
[Date "2020.06.26"]
[Round "3"]
[White "Gutierrez Marco, Dario"]
[Black "Ulla Centelles, Llorens"]
[Result "1-0"]
[WhiteElo "1906"]
[BlackElo "1579"]
[TimeControl "180+2"]
[EndTime "10:58:52 PDT"]
[Termination "Victoria de rususs por jaque mate"]

1. e4 e5 2. Nf3 d6 3. d4 exd4 4. Nxd4 Bd7 5. Nc3 Nc6 6. Be3 Ne5 7. h3 Nf6 8. f4 Ng6 9. Bc4 Qc8 10. Qf3 Nh4 11. Qg3 Ng6 12. O-O-O Be7 13. Rdf1 h5 14. e5 h4 15. Qh2 Nh5 16. Rf3 Ng3 17. Re1 c5 18.
Ndb5 Bxb5 19. Bxb5+ Kf8 20. Bf2 a6 21. Bd3 b5 22.
Bxg6 fxg6 23. Bxg3 hxg3 24. Qxg3 Bh4 25. Qxg6 Bxe1 26. Qxd6+ Kg8 27. Nd5 Ra7 28. Ne7+ Rxe7 29. Qxe7 Qf5 30. g4 Qf7 31. Qxc5 Qxa2 32. Qc8+ Kh7 33.
Qf5+ g6 34. Qd7+ Kh6 35. g5+ Kh5 36. Qg4# 1

[Event "Open Nuevo Centro. Jornada 2"]
[Site "Chess.com"]
[Date "2020.06.26"]
[Round "3"]
[White "Donate Moreno, David"]
[Black "Montesinos Diaz, Luis"]
[Result "0-1"]
[WhiteElo "1519"]
[BlackElo "1869"]
[TimeControl "180+2"]
[EndTime "10:58:57 PDT"]
[Termination "Victoria de Gwiso_06 por jaque mate"]

1. e4 c6 2. d4 d5 3. exd5 cxd5 4. Nf3 Nf6 5. Ne5 Nc6 6. Bb5 Bd7 7. Nxd7 Qxd7 8. c3 e6 9. Bf4 a6 10. Bd3 Bd6 11.
Bxd6 Qxd6 12. Nd2 O-O 13. Nf3 b5 14. Qe2 b4 15. Ne5 bxc3 16. bxc3 Rfc8 17. O-O Na5 18. Rfd1 Rxc3 19. Bxa6 Qxa6 20. Qb2 Rac8 21. Nd3 Rxd3 22. Rxd3 Qxd3 23. Rc1 Rxc1+ 24. Qxc1 Nc4 25. a4 h6 26. a5 Nxa5 27. Qa1 Nc4 28. f4 Ne4 29. g3 Qe3+ 30. Kg2 Qf2+ 31. Kh3 Ncd2 32. f5 Nf3 33.
Qh1 Neg5+ 34. Kg4 Qxd4+ 35. Kh5 Kh7 36. g4 g6+ 37. fxg6+ fxg6# 0

[Event "Open Nuevo Centro. Jornada 2"]
[Site "Chess.com"]
[Date "2020.06.26"]
[Round "3"]
[White "Elenkov Olmo, Ivan"]
[Black "Cinà Asensio, Luca "]
[Result "0-1"]
[WhiteElo "915"]
[BlackElo "568"]
[TimeControl "180+2"]
[EndTime "10:59:09 PDT"]
[Termination "Victoria de Titanes34 por abandono"]

1. e4 e6 2. Nc3 Bc5 3. Nf3 Nf6 4. g3 Ng4 5. d4 Bb6 6. Bh3 Nf6 7. e5 Nh5 8. Ng5 O-O 9. Qxh5 h6 10. Nge4 Bxd4 11. Be3 Bxc3+ 12. bxc3 d5 13. Nd2 g6 14. Qxh6 Re8 15.
O-O Nd7 16. Nf3 b6 17. Bd2 Nc5 18.
Qf4 Ne4 19. c4 Nxd2 20. Qxd2 dxc4 21. Qxd8 Rxd8 22. Rfd1 Bb7 23. Rxd8+ Rxd8 24. Re1 Bxf3 25. Re3 Rd1+ 26. Bf1 Bg4 27. Rc3 Bh3 0

[Event "Open Nuevo Centro. Jornada 2"]
[Site "Chess.com"]
[Date "2020.06.26"]
[Round "3"]
[White "Deusa Ballesteros, Lucas "]
[Black "Borissov, Julián"]
[Result "0-1"]
[WhiteElo "1460"]
[BlackElo "1841"]
[TimeControl "180+2"]
[EndTime "10:59:19 PDT"]
[Termination "Victoria de julianborisov por jaque mate"]

1. e4 e5 2. d4 exd4 3. Nf3 Nc6 4. Bc4 Nf6 5. Ng5 d5 6. exd5 Na5 7. Bb5+ c6 8. dxc6 bxc6 9. Bd3 Be7 10. O-O O-O 11.
Nd2 c5 12. Nc4 Nxc4 13. Bxc4 h6 14. Nf3 Bb7 15. Re1 Bd6 16. Bd2 Ne4 17. Bd3 f5 18. b3 Qf6 19. a4 Rae8 20. a5 a6 21. Bc1 Ng5 22. Nxg5 hxg5 23. Rxe8 Rxe8 24. Bd2 Qh6 25.
h3 Bc7 26. Qc1 Qd6 27. Bc4+ Kh8 28. g3 Qc6 29. f4 Qg2# 0

[Event "Open Nuevo Centro. Jornada 2"]
[Site "Chess.com"]
[Date "2020.06.26"]
[Round "3"]
[White "Sverdlik Roldán, Elías"]
[Black "Valverde Alcaide, Miguel Alejandro"]
[Result "0-1"]
[WhiteElo "351"]
[BlackElo "872"]
[TimeControl "180+2"]
[EndTime "10:59:28 PDT"]
[Termination "Victoria de mentafurterei por tiempo"]

1. e4 e5 2. Nf3 Nc6 3. d3 Nf6 4. Bd2 Bc5 5. Be2 Ng4 6. Be3 Bxe3 7. fxe3 Nxe3 8. Qd2 Ng4 9. Nc3 d6 10. d4 Nb4 11. dxe5 dxe5 12. Nd5 c6 13. Nxb4 Qxd2+ 14. Nxd2 O-O 15. Nf3 Rd8 16. Nd3 Ne3 17. Nfxe5 Be6 18. Nc5 Nxc2+ 19. Kf2 Nxa1 20. Rxa1 Rd2 21. Nxe6 fxe6 22.
Nf3 Rxb2 23. Rd1 h6 24. e5 Rxa2 25. Nd4 c5 26. Nb5 c4 27. Nc3 Rb2 28. Rd4 b5 29.
h3 a5 30. Rd6 a4 31. Rxe6 b4 32. Rb6 bxc3 0

[Event "Open Nuevo Centro. Jornada 2"]
[Site "Chess.com"]
[Date "2020.06.26"]
[Round "3"]
[White "Rausell Taberner, Diego"]
[Black "Yeste Campos, Manuel"]
[Result "0-1"]
[WhiteElo "448"]
[BlackElo "922"]
[TimeControl "180+2"]
[EndTime "10:59:30 PDT"]
[Termination "Victoria de Manuel_Yeste por jaque mate"]

1. e4 e5 2. Nf3 Nc6 3. Bc4 Bc5 4. O-O Nf6 5. Nc3 O-O 6. d3 d6 7. Bg5 Re8 8. h3 h6 9. Bxh6 gxh6 10.
Nh4 Kh8 11. Bxf7 Rf8 12. Ng6+ Kg7 13. Nxf8 Kxf7 14. Qf3 Kxf8 15. Ne2 Nd4 16. Nxd4 Bxd4 17. c3 Bc5 18. b4 Bb6 19. c4 Be6 20. a4 a5 21. bxa5 Bxa5 22. Rab1 b6 23. Qg3 Kf7 24.
h4 c5 25. h5 Nxh5 26. Qf3+ Nf6 27. Qe3 Qg8 28. Qxh6 Ng4 29. Qh5+ Ke7 30. Qh4+ Kd7 31.
f3 Ne3 32. Rfe1 Bxe1 33. Qxe1 Qxg2# 0

[Event "Open Nuevo Centro. Jornada 2"]
[Site "Chess.com"]
[Date "2020.06.26"]
[Round "3"]
[White "Rodriguez, Mathias"]
[Black "Garcia, Jhoel"]
[Result "1-0"]
[WhiteElo "1987"]
[BlackElo "2289"]
[TimeControl "180+2"]
[EndTime "10:59:43 PDT"]
[Termination "Victoria de niguil por abandono"]

1. e4 c5 2. Nf3 a6 3. g3 g6 4. Bg2 Bg7 5. O-O Nc6 6. c3 Nf6 7. Re1 O-O 8. d4 cxd4 9. cxd4 d5 10. e5 Ne4 11. Nbd2 f5 12. exf6 exf6 13. Nxe4 dxe4 14.
Rxe4 f5 15. Re2 Nxd4 16. Nxd4 Qxd4 17. Be3 Qf6 18. Rc1 Be6 19. Bxb7 Rab8 20. Bd5 Rfd8 21. Bxe6+ Qxe6 22. Qa4 Rxb2 23. Rxb2 Bxb2 24. Rc6 Rd1+ 25. Qxd1 Qxc6 26. Qb3+ Kf8 27. Qxb2 f4 28. Bxf4 Qe4 29. Qh8+ Kf7 30. Qxh7+ Ke6 31. Qg8+ Kf5 32. Qc8+ Kf6 33. Qxa6+ Kf5 34. Qb5+ Kg4 35. Qd7+ Kf3 36. Qd1+ Qe2 37. Qxe2+ Kxe2 38. a4 1

[Event "Open Nuevo Centro. Jornada 2"]
[Site "Chess.com"]
[Date "2020.06.26"]
[Round "3"]
[White "Albuixech Sanz, Jorge"]
[Black "Castellano López, Javier"]
[Result "0-1"]
[WhiteElo "1361"]
[BlackElo "1781"]
[TimeControl "180+2"]
[EndTime "10:59:51 PDT"]
[Termination "Victoria de its_xavi_official por tiempo"]

1. e4 d5 2. exd5 Qxd5 3. Nc3 Qa5 4. Bc4 Nf6 5. Nge2 Bf5 6. d3 c6 7. O-O e6 8. Bd2 Qc7 9. Nd4 Bg4 10. Qe1 Be7 11. Qe3 O-O 12. Rfe1 Bc5 13. Ne4 Nxe4 14.
Qxe4 Bxd4 15. Qxd4 Bf5 16. Bf4 Qb6 17. Qc3 Nd7 18.
d4 Nf6 19. Rad1 Rfd8 20. Be5 Nd5 21. Bxd5 Rxd5 22. b3 a5 23. Qd2 Rad8 24. c4 R5d7 25. Qf4 Bg6 26. h4 c5 27. dxc5 Qxc5 28. Rxd7 Rxd7 29.
Qg3 h5 0